 Dungeon Crawl Stone Soup version 0.31-a0-180-g519b7de00c (webtiles) character file.

Game seed: 9595805662815670348

130 qw the Shooter (level 5, -3/49 HPs)
             Began as a Naga Hunter on June 20, 2023.
             Constricted to death by Ijyb (4 damage)
             ... on level 3 of the Dungeon.
             The game lasted 00:00:39 (1647 turns).

qw the Shooter (Naga Hunter)                        Turns: 1647, Time: 00:00:39

Health: -3/49      AC:  3    Str: 19    XL:     5   Next: 14%
Magic:  5/5        EV:  6    Int: 10    God:
Gold:   184        SH:  0    Dex: 16    Spells: 4/4 levels left

rFire   . . .        Y - +0 shortbow
rCold   . . .        (shield currently unavailable)
rNeg    . . .        c - +0 leather armour
rPois   +            (no helmet)
rElec   .            (no cloak)
rCorr   .            (no gloves)
SInv    +            (no barding)
Will    .....        (no amulet)
Stlth   ++           a - +6 ring of strength
HPRegen 0.28/turn    (no ring)
MPRegen 0.09/turn

%: no passive effects
@: grasped by roots, constricted, very slow
A: AC +1, large, see invisible, deformed body, poison resistance, slowness 2,
spit poison 1, naga tail 1
a: Spit Poison


You were on level 3 of the Dungeon.
You visited 1 branch of the dungeon, and saw 3 of its levels.

You collected 184 gold pieces.


Innate Abilities, Weirdness & Mutations

Your serpentine skin is tough. (AC +1)
You have supernaturally acute eyesight. (SInv)
Armour fits poorly on your strangely shaped body.
Your system is resistant to poisons. (rPois)
You cover ground very slowly.
You can spit poison.
You have a snake-like lower body.


   Skills:
 - Level 3.0 Fighting
 + Level 5.3 Ranged Weapons
 - Level 1.5 Dodging
 - Level 1.5 Stealth


You had 4 spell levels left.
You didn't know any spells.
Your spell library was empty.

Inventory:

Hand Weapons
 Y - a +0 shortbow (weapon)
Armour
 c - a +0 leather armour (worn)
Jewellery
 a - a +6 ring of strength (left hand)
Scrolls
 b - a scroll of identify
Potions
 d - 2 potions of curing {unknown}
 f - a potion of heal wounds {unknown}
 i - a potion of lignification {unknown}
 j - a potion of haste {unknown}

Dungeon Overview and Level Annotations

Branches:
Dungeon (3/15)

Altars:

Annotations:
D:3 Ijyb


Message History

You have reached level 5!
You shoot an arrow. The arrow hits the gnoll.
The gnoll is moderately wounded.
The grasping roots constrict you.
You shoot an arrow. The arrow hits the gnoll.
The gnoll is almost dead.
The grasping roots constrict you.
The grasping roots release their grip on you.
You shoot an arrow. The arrow hits the gnoll.
You kill the gnoll!
You have got your breath back.
Ijyb zaps a wand.
The roots erupt in riotous growth!
The grasping roots grab you! The grasping roots constrict you.
You hear an angry hiss.
1641 ||| INVOKING Spit Poison.
Aiming: Spit Poison (1% risk of failure)
Press: ? - help, Shift-Dir - straight line, f - Ijyb The splash of poison misses Ijyb.
The grasping roots constrict you.
You shoot an arrow. The arrow closely misses Ijyb.
The grasping roots constrict you!
You shoot an arrow. The arrow hits Ijyb.
Ijyb is lightly wounded.
Ijyb hits you but does no damage. The grasping roots constrict you.
You shoot an arrow. The arrow closely misses Ijyb.
Ijyb hits you with a +0 club. The grasping roots constrict you.
The grasping roots release their grip on you.
You shoot an arrow. The arrow hits Ijyb but does no damage.
Ijyb is lightly wounded.
Ijyb hits you with a +0 club.
You shoot an arrow. The arrow closely misses Ijyb.
Ijyb zaps a wand.
The roots erupt in riotous growth!
The grasping roots grab you!
Ijyb is unaffected.
The grasping roots constrict you.
You hear an angry hiss.
You shoot an arrow. The arrow misses Ijyb.
You have got your breath back.
Ijyb hits you with a +0 club. The grasping roots constrict you.
You die...

.#.####.....#
.........#..####
.#..............
#######.#..###.
#.##.# . #.##.#
... #....#
.....####..###
.....)g@.?(#
........#.##
..##.##.#.# #
#.#.# #.#.#
#.... #.#.#
#.#.#


You could see Ijyb.

Vanquished Creatures
  Jessica (D:2)
  2 adders (D:2)
  3 gnolls (D:3)
  2 worms (D:2)
  A dart slug (D:2)
  6 endoplasms
  3 goblins
  5 hobgoblins
  4 jackals (D:1)
  2 quokkas (D:1)
  4 ball pythons
  4 bats (D:1)
  4 frilled lizards
  7 kobolds
  3 rats
51 creatures vanquished.

Notes
Turn   | Place    | Note
-------+----------+-------------------------------------------
     0 | D:1      | qw the Naga Hunter began the quest for the Orb.
     0 | D:1      | Reached XP level 1. HP: 19/19 MP: 1/1
     0 | D:1      | 0 ||| qw: Version: 0.3-a-9-g12657ce
     0 | D:1      | 0 ||| qw: Game counter: 1160
     0 | D:1      | 0 ||| qw: Always use a shield: true
     0 | D:1      | 0 ||| qw: God list: Okawaru
     0 | D:1      | 0 ||| qw: Allow faded altars: false
     0 | D:1      | 0 ||| qw: Do Orc after D:15 true
     0 | D:1      | 0 ||| qw: Do second Lair branch before Depths: true
     0 | D:1      | 0 ||| qw: Lair rune preference: random
     0 | D:1      | 0 ||| qw: Plans: Normal
     0 | D:1      | 0 ||| PLANNING D:1-11
    33 | D:1      | 33 ||| INVOKING Spit Poison.
    38 | D:1      | 38 ||| INVOKING Spit Poison.
    59 | D:1      | 59 ||| INVOKING Spit Poison.
    60 | D:1      | 60 ||| INVOKING Spit Poison.
    65 | D:1      | 65 ||| INVOKING Spit Poison.
    71 | D:1      | 71 ||| INVOKING Spit Poison.
    73 | D:1      | Reached skill level 4 in Ranged Weapons
    73 | D:1      | Reached XP level 2. HP: 21/26 MP: 2/2
    74 | D:1      | 74 ||| INVOKING Spit Poison.
   106 | D:1      | 106 ||| INVOKING Spit Poison.
   122 | D:1      | Found a faded altar of an unknown god.
   208 | D:1      | 208 ||| INVOKING Spit Poison.
   214 | D:1      | 214 ||| INVOKING Spit Poison.
   221 | D:1      | 221 ||| INVOKING Spit Poison.
   226 | D:1      | 226 ||| INVOKING Spit Poison.
   253 | D:1      | 253 ||| INVOKING Spit Poison.
   365 | D:1      | 365 ||| INVOKING Spit Poison.
   369 | D:1      | 369 ||| INVOKING Spit Poison.
   373 | D:1      | Reached XP level 3. HP: 32/32 MP: 3/3
   405 | D:1      | 405 ||| INVOKING Spit Poison.
   425 | D:1      | 425 ||| INVOKING Spit Poison.
   567 | D:1      | 567 ||| INVOKING Spit Poison.
   640 | D:1      | 640 ||| INVOKING Spit Poison.
   825 | D:1      | 825 ||| INVOKING Spit Poison.
   873 | D:1      | 873 ||| READING scroll labelled JAPUZYCWOTZ.
   874 | D:1      | 874 ||| READING scroll labelled YTZUAW AKIENO.
   875 | D:1      | 875 ||| READING scroll labelled GUEMOUQUVI.
   879 | D:1      | 879 ||| DROPPING scroll of butterflies.
   891 | D:2      | 891 ||| INVOKING Spit Poison.
   896 | D:2      | 896 ||| INVOKING Spit Poison.
   947 | D:2      | 947 ||| INVOKING Spit Poison.
   977 | D:2      | 977 ||| INVOKING Spit Poison.
   980 | D:2      | 980 ||| INVOKING Spit Poison.
  1015 | D:2      | 1015 ||| INVOKING Spit Poison.
  1052 | D:2      | Reached skill level 5 in Ranged Weapons
  1060 | D:2      | 1060 ||| INVOKING Spit Poison.
  1061 | D:2      | Reached XP level 4. HP: 39/39 MP: 4/4
  1076 | D:2      | Noticed Jessica
  1077 | D:2      | 1077 ||| INVOKING Spit Poison.
  1078 | D:2      | Killed Jessica
  1098 | D:2      | 1098 ||| INVOKING Spit Poison.
  1464 | D:2      | 1464 ||| INVOKING Spit Poison.
  1465 | D:2      | 1465 ||| INVOKING Spit Poison.
  1468 | D:2      | Reached skill level 3 in Fighting
  1493 | D:2      | 1493 ||| UPGRADING to +6 ring of strength.
  1494 | D:2      | 1494 ||| READING scroll labelled BAG LEKAQE.
  1495 | D:2      | 1495 ||| READING scroll labelled GIFROI BACKUTO.
  1496 | D:2      | 1496 ||| READING scroll labelled NEWOJOAXTU.
  1628 | D:3      | 1628 ||| INVOKING Spit Poison.
  1634 | D:3      | 1634 ||| INVOKING Spit Poison.
  1635 | D:3      | 1635 ||| INVOKING Spit Poison.
  1635 | D:3      | Noticed Ijyb
  1638 | D:3      | Reached XP level 5. HP: 41/49 MP: 5/5
  1641 | D:3      | 1641 ||| INVOKING Spit Poison.
  1645 | D:3      | HP: 11/49 [Ijyb/+0 club (4)]
  1646 | D:3      | HP: 5/49 [constriction (6)]
  1647 | D:3      | HP: 1/49 [Ijyb/+0 club (5)]
  1647 | D:3      | Constricted to death by Ijyb

Levels and vault maps discovered:
D:1:      minmay_arrival_five_plusses, layout_basic,
          hellmonk_ecumenical_altar_arch_garden
D:2:      layout_basic, minivault_5, chequers_serial_rivers_large_b,
          kennysheep_generic_room_15, uniq_jessica
D:3:      layout_basic, uniq_ijyb

Skill      XL: |  1  2  3  4 |
---------------+-------------+-----
Ranged Weapons | 4 5 |  5.3
Fighting       | 3 |  3.0
Dodging        | |  1.5
Stealth        | |  1.5

Action                     |  1- 3 |  4- 6 || total
---------------------------+-------+-------++-------
   Fire: Shortbow          |    84 |    31 ||   115
Ability: Spit Poison       |    26 |     6 ||    32
    Use: Scroll            |     3 |     3 ||     6
 Armour: Leather armour    |     6 |     1 ||     7
  Dodge: Dodged            |    12 |     1 ||    13

Table legend:
 A = Non-vault XP
 B = Vault XP
 C = Vault XP percentage of total XP
 D = Non-vault monster count
 E = Vault monster count
 F = Vault count percentage of total count
                 A         B        C        D         E       F
            +---------+---------+-------+---------+---------+-------
      Total |     147 |      40 |  21.4 |      48 |       3 |   5.9
            +---------+---------+-------+---------+---------+-------
        D:1 |      49 |       0 |   0.0 |      30 |       0 |   0.0
        D:2 |      54 |      40 |  42.6 |      14 |       3 |  17.6
        D:3 |      44 |       0 |   0.0 |       4 |       0 |   0.0
            +---------+---------+-------+---------+---------+-------
